 Seeded DCSS version 0.30-a0-964-gd452b5e7fa (webtiles) character file.

Game seed: 13137397067068997422 (custom seed)

18265 mistaj the Severer (level 12, -3/118 HPs)
             Began as a Hill Orc Fighter on Mar 30, 2023.
             Was a High Priest of Beogh.
             Slain by a death yak (10 damage)
             ... in an ice cave.
             The game lasted 00:21:41 (10593 turns).

mistaj the Severer (Hill Orc Fighter)              Turns: 10593, Time: 00:21:41

Health: -3/118     AC: 12    Str: 24    XL:     12   Next: 56%
Magic:  12/12      EV:  9    Int: 10    God:    Beogh [*****.]
Gold:   580        SH: 16    Dex:  8    Spells: 11/11 levels left

rFire   + + +      SeeInvis .    q - +7 war axe of the Ageless Places {vamp, rF+++ rC+ Str+2 Dex-2}
rCold   + + +      Faith    .    g - +1 kite shield {rPois}
rNeg    + . .      Spirit   .    z - +1 ring mail {rC+}
rPois   +          Reflect  +    J - +0 helmet
rElec   +          Rampage  .    M - +0 cloak
rCorr   .                        (no gloves)
Will    .....                    i - +0 pair of boots Stlth
                                 l - amulet of reflection
HPRegen 0.39/turn                y - ring of positive energy
MPRegen 0.13/turn                E - ring of Raicoma {rElec rC+}

@: no status effects
A: walk on water
a: Renounce Religion, Smiting, Recall Orcish Followers, Give Item to Named
Follower


You were in an ice cave.
You worshipped Beogh.
Beogh was extremely pleased with you.
You visited 2 branches of the dungeon, and saw 12 of its levels.
You also visited: Sewer, Bailey and Ice Cave.

You collected 580 gold pieces.

Inventory:

Hand Weapons
 m - the +3 war axe "Xom's Capriciousness" {holy, *Slow rN+ Will+ Int+4}
   (You acquired it on level 3 of the Dungeon)

   Int:       It affects your intelligence (+4).
   rN:        It protects you from negative energy.
   *Slow:     It may slow you when you take damage.
   Will:      It increases your willpower.
 q - the +7 war axe of the Ageless Places (weapon) {vamp, rF+++ rC+ Str+2 Dex-2}
   (You acquired it on level 4 of the Dungeon)

   Str:       It affects your strength (+2).
   Dex:       It affects your dexterity (-2).
   rF:        It renders you almost immune to fire.
   rC:        It protects you from cold.
 G - a +0 broad axe
Missiles
 K - a throwing net (quivered)
Armour
 g - a +1 kite shield of poison resistance (worn)
 i - a +0 pair of boots (worn)
 z - a +1 ring mail of cold resistance (worn)
 J - a +0 helmet (worn)
 M - a +0 cloak (worn)
Jewellery
 l - an amulet of reflection (around neck)
 y - a ring of positive energy (left hand)
 E - the ring of Raicoma (right hand) {rElec rC+}
   (You acquired it in a bailey)

   [ring of protection from cold]

   rC:        It protects you from cold.
   rElec:     It insulates you from electricity.
Wands
 x - a wand of paralysis (4)
 A - a wand of digging (8)
 L - a wand of roots (7)
 O - a wand of mindburst (7)
 P - a wand of flame (12)
Scrolls
 b - a scroll of butterflies {unknown}
 e - 3 scrolls of identify
 k - 10 scrolls of teleportation
 n - 3 scrolls of magic mapping
 o - 2 scrolls of poison {unknown}
 p - 2 scrolls of silence {unknown}
 t - 5 scrolls of enchant armour
 u - a scroll of torment {unknown}
 v - 2 scrolls of fog {unknown}
 C - 2 scrolls of enchant weapon {unknown}
 F - a scroll of brand weapon {unknown}
 H - 3 scrolls of amnesia {unknown}
 N - a scroll of blinking {unknown}
 Q - a scroll of fear {unknown}
Potions
 a - 2 potions of brilliance
 c - 8 potions of curing
 d - 7 potions of might
 f - a potion of cancellation
 h - 5 potions of mutation
 r - 3 potions of heal wounds
 s - 5 potions of haste
 w - a potion of berserk rage
 B - a potion of flight
 D - a potion of magic


   Skills:
 + Level 14.3 Fighting
 + Level 15.3 Axes
 + Level 9.0 Armour
 - Level 10.6 Shields


You had 11 spell levels left.
You didn't know any spells.
Your spell library contained the following spells:

 Spells                   Type           Power      Damage    Failure   Level
 Freeze                   Ice            0%         1d3       77%         1
 Cigotuvi's Dreadful Rot  Necr/Pois/Air  0%         N/A       88%         2
 Ensorcelled Hibernation  Hex/Ice        0%         N/A       88%         2
 Passwall                 Tmut/Erth      0%         N/A       88%         2
 Frozen Ramparts          Ice            0%         1d1       98%         3
 Hailstorm                Conj/Ice       0%         3d3       98%         3
 Swiftness                Air            0%         N/A       98%         3
 Dispel Undead            Necr           0%         3d6       100%        4
 Yara's Violent Unravell  Hex/Tmut       0%         3d3       100%        5
 Death Channel            Necr           0%         N/A       100%        6
 Enfeeble                 Hex            0%         N/A       100%        7
 Chain Lightning          Conj/Air       0%         N/A       100%        9
 Fire Storm               Conj/Fire      0%         5d1       100%        9
 Shatter                  Erth           0%         3d5*      100%        9


Dungeon Overview and Level Annotations

Branches:
Dungeon (10/15)            Temple (0/1) D:5            Lair (2/5) D:9
  Sewer (visited)          Bailey (visited)           IceCv (1/1)
  Swamp: Lair:2-3    Shoals: Lair:2-3     Snake: Lair:2-3    Spider: Lair:2-3
    Orc: D:9-12

Altars:
Ashenzari
Cheibriados
Dithmenos
Gozag
Kikubaaqudgha
Makhleb
Trog
Vehumet
Wu Jian
Xom
Yredelemnul
Zin
The Shining One

Shops:
D:5 *   D:8 *


Message History

* * * LOW HITPOINT WARNING * * *
You block the rime drake's attack.
You barely miss the death yak.
The death yak is moderately wounded.
You slash the rime drake! The ice encasing you melts away.
The death yak gores you!
* * * LOW HITPOINT WARNING * * *
The rime drake breathes ice at you.
The icy flash freeze reflects off an invisible shield around you!
The icy flash freeze hits the rime drake!
The rime drake partially resists.
The rime drake is flash-frozen.
You hit the death yak but do no damage.
The death yak is moderately wounded.
You hit the rime drake.
You feel better. The rime drake completely misses you.
The death yak gores you!!
* * * LOW HITPOINT WARNING * * *
You barely miss the death yak.
The death yak is lightly wounded.
You miss the rime drake.
The rime drake bites you but does no damage.
You block the death yak's attack.
You slash the death yak!
You feel better.
The death yak is moderately wounded.
You slash the rime drake!
You feel better.
You kill the rime drake!
Beogh accepts your kill. The death yak gores you!
* * * LOW HITPOINT WARNING * * *
You hit the death yak.
You feel better.
The death yak is heavily wounded.
The death yak completely misses you.
You hit the death yak.
The death yak is heavily wounded.
The death yak gores you!
* * * LOW HITPOINT WARNING * * *
You hit the death yak.
You feel better.
The death yak is heavily wounded.
The death yak gores you!
You die...

## #†.##
##..# .#
##.#
#..# .##
#..#
##.##
..###.##
#..#
..##..#
##.#
.....##
#.##
....##
#..##
...##
##..#
#.?#
#.@#
#.##
#.Y# ###
##.# ..#
..# #.##
.. ..


You could see a death yak.

Vanquished Creatures
  2 vault guards (Bailey)
  3 death yaks (IceCv)
  Maurice (D:9)
  An ice statue (IceCv)
  A cane toad (Lair:1)
  5 rime drakes (IceCv)
  A troll (D:9)
  3 polar bears (IceCv)
  Prince Ribbit (Bailey)
  Sigmund (D:4)
  A wyvern (D:7)
  15 yaks
  Eustachio (D:4)
  3 humans (Bailey)
  3 steam dragons
  2 acid dragons (D:8)
  Duvessa (D:4)
  2 water moccasins
  3 ice beasts
  2 orc warriors (D:9)
  2 sky beasts (D:6)
  3 black bears
  8 wolves (IceCv)
  3 ogres
  2 phantoms (D:6)
  8 centaurs
  Blork the orc (D:4)
  A kobold brigand (D:9)
  18 bullfrogs
  A gnoll sergeant (D:8)
  2 scorpions
  9 wights
  Dowan (D:4)
  5 killer bees (D:9)
  2 howler monkeys
  A hound (D:5)
  2 jellies
  A sleepcap (D:6)
  An iguana (D:5)
  Terence (D:3)
  4 orc wizards
  12 gnolls
  10 adders
  6 river rats (Sewer)
  A shadow imp (D:6)
  A white imp (D:5)
  4 worms
  5 dart slugs
  7 orcs (D:3)
  6 endoplasms
  7 giant cockroaches
  12 goblins
  8 hobgoblins
  3 quokkas
  18 ball pythons
  6 bats
  4 frilled lizards
  12 kobolds
  34 rats
  A spectral orc (D:7)
285 creatures vanquished.

Vanquished Creatures (collateral kills)
  A catoblepas (Lair:1)
  A hydra (Lair:2)
  A two-headed ogre (D:9)
  A black mamba (Lair:1)
  A cane toad (Lair:1)
  3 rime drakes
  2 wyverns
  2 yaks (D:9)
  2 water moccasins
  A sky beast (D:8)
  3 bullfrogs
  A scorpion (D:9)
  A killer bee (D:9)
  A howler monkey (D:8)
  An orc priest (D:7)
  An orc wizard (D:9)
  A gnoll (D:8)
  A white imp (D:7)
  2 orcs (D:8)
27 creatures vanquished.

Vanquished Creatures (others)
  2 orc warriors
  An orc wizard (Lair:1)
  8 orcs
  3 demonic plants (D:3)
  19 fungi
  25 plants
58 creatures vanquished.

Grand Total: 370 creatures vanquished

Notes
Turn   | Place    | Note
-------+----------+-------------------------------------------
     0 | D:1      | mistaj the Hill Orc Fighter began the quest for the Orb.
     0 | D:1      | Reached XP level 1. HP: 19/19 MP: 1/1
    94 | D:1      | Reached skill level 3 in Axes
    94 | D:1      | Reached XP level 2. HP: 27/27 MP: 2/2
   374 | D:1      | Identified a scroll of acquirement
   374 | D:1      | Acquired a +1 kite shield of poison resistance
   488 | D:1      | Reached XP level 3. HP: 33/33 MP: 3/3
  1013 | D:2      | Found Xexamnid's Weapon Shoppe.
  1135 | D:2      | Reached XP level 4. HP: 41/41 MP: 4/4
  1335 | D:3      | Acquired the +3 war axe "Xom's Capriciousness" {holy, *Slow
                  | rN+ Will+ Int+4}
  1359 | D:3      | Found a faded altar of an unknown god.
  1376 | D:3      | Found an ornate altar of the Wu Jian Council.
  1469 | D:3      | Reached skill level 4 in Axes
  1771 | D:3      | Reached XP level 5. HP: 42/47 MP: 5/5
  1965 | D:3      | Noticed Terence
  1975 | D:3      | Killed Terence
  1976 | D:3      | Reached skill level 5 in Fighting
  2044 | D:3      | Found a broken altar of Ashenzari.
  2461 | D:4      | Noticed Eustachio
  2479 | D:4      | Killed Eustachio
  2480 | D:4      | Reached skill level 5 in Axes
  2480 | D:4      | Reached skill level 5 in Shields
  2480 | D:4      | Reached XP level 6. HP: 41/56 MP: 6/6
  2546 | D:4      | Became a worshipper of Beogh the Brigand
  2596 | D:4      | Noticed a black bear
  2602 | D:4      | Killed a black bear
  2791 | D:4      | Noticed Duvessa
  2791 | D:4      | Noticed Sigmund
  2800 | D:4      | Noticed Dowan
  2810 | D:4      | Killed Sigmund
  2811 | D:4      | Reached skill level 6 in Axes
  2811 | D:4      | Reached XP level 7. HP: 64/64 MP: 7/7
  2815 | D:4      | Killed Dowan
  2820 | D:4      | Killed Duvessa
  3149 | D:4      | Reached skill level 7 in Axes
  3149 | D:4      | Reached XP level 8. HP: 71/73 MP: 8/8
  3153 | D:4      | Acquired the +7 war axe of the Ageless Places {vamp, rF+++
                  | rC+ Str+2 Dex-2}
  3163 | D:4      | Found an opulent altar of Gozag.
  3229 | D:4      | Noticed Blork the orc
  3236 | D:4      | Killed Blork the orc
  3275 | D:4      | Found a snail-covered altar of Cheibriados.
  3418 | D:4      | Found a glowing silver altar of Zin.
  3583 | D:5      | Entered Level 5 of the Dungeon
  3620 | D:5      | Found a glowing drain.
  3636 | Sewer    | Entered a sewer
  3682 | Sewer    | Reached * piety under Beogh
  3873 | Sewer    | Reached ** piety under Beogh
  3882 | Sewer    | Reached skill level 8 in Axes
  4057 | D:5      | Found a staircase to the Ecumenical Temple.
  4194 | D:5      | Found Fattoqam's Elemental Accessories.
  4481 | D:5      | Reached XP level 9. HP: 75/82 MP: 9/9
  4556 | D:6      | Reached skill level 9 in Axes
  4930 | D:6      | Found a shadowy altar of Dithmenos.
  4935 | D:6      | Reached skill level 10 in Axes
  5199 | D:6      | Reached *** piety under Beogh
  5295 | D:6      | Reached skill level 10 in Fighting
  5396 | D:7      | Found an ancient bone altar of Kikubaaqudgha.
  5402 | D:7      | Reached XP level 10. HP: 93/93 MP: 10/10
  5463 | D:7      | Reached skill level 11 in Axes
  5530 | D:7      | Found a glowing golden altar of the Shining One.
  5606 | D:7      | You fall into a shaft and drop 3 floors!
  5606 | D:10     | Entered Level 10 of the Dungeon
  5628 | D:10     | Reached skill level 10 in Shields
  5724 | D:9      | Found a flagged portal.
  5732 | D:9      | Reached **** piety under Beogh
  5737 | Bailey   | Entered a bailey
  5769 | Bailey   | Reached skill level 12 in Axes
  5939 | Bailey   | Gained Okrist as an ally
  5949 | Bailey   | Noticed Prince Ribbit
  5951 | Bailey   | Noticed a vault guard
  5955 | Bailey   | Killed Prince Ribbit
  5956 | Bailey   | Reached XP level 11. HP: 104/104 MP: 11/11
  5960 | Bailey   | Your ally Okrist died
  5965 | Bailey   | Killed a vault guard
  6135 | Bailey   | Acquired the ring of Raicoma {rElec rC+}
  6151 | Bailey   | Noticed a vault guard
  6171 | Bailey   | Killed a vault guard
  6172 | Bailey   | Reached skill level 5 in Armour
  6537 | D:7      | Found a basalt altar of Yredelemnul.
  6726 | D:8      | Reached skill level 13 in Axes
  6762 | D:8      | Found a shimmering altar of Xom.
  6801 | D:8      | Identified the +0 plate armour "Bouxoar" {Rampage}
  7206 | D:8      | Found a radiant altar of Vehumet.
  7217 | D:8      | Gained Borgoth as an ally
  7339 | D:8      | Found Liozef's General Store.
  7703 | D:9      | Noticed Maurice
  7704 | D:9      | Found a burning altar of Makhleb.
  7713 | D:9      | Killed Maurice
  7881 | D:9      | Noticed a two-headed ogre
  7889 | D:9      | Killed a two-headed ogre
  8696 | D:9      | Found a bloodstained altar of Trog.
  8815 | D:9      | Found a staircase to the Lair.
  9023 | Lair:1   | Entered Level 1 of the Lair of Beasts
  9491 | Lair:1   | Reached skill level 14 in Axes
  9622 | Lair:1   | Noticed a catoblepas
  9630 | Lair:1   | Killed a catoblepas
  9822 | Lair:2   | Noticed a five-headed hydra
  9828 | Lair:2   | Killed a six-headed hydra
  9833 | Lair:2   | Reached XP level 12. HP: 91/115 MP: 12/12
  9833 | Lair:2   | Found a frozen archway.
  9949 | IceCv    | Entered an ice cave
  9961 | IceCv    | Reached ***** piety under Beogh
  9967 | IceCv    | Noticed a death yak
  9998 | IceCv    | Killed a death yak
 10444 | IceCv    | Reached skill level 15 in Axes
 10569 | IceCv    | Noticed a death yak
 10570 | IceCv    | Noticed a death yak
 10572 | IceCv    | Noticed a death yak
 10580 | IceCv    | Killed a death yak
 10584 | IceCv    | Killed a death yak
 10588 | IceCv    | HP: 1/117 [death yak (21)]
 10593 | IceCv    | Slain by a death yak

Illustrated notes

Levels and vault maps discovered:
D:1:      dpeg_arrival_long_road, layout_basic
D:2:      layout_rooms, serial_shops, nicolae_shop_bloodbath_and_beyond
D:3:      layout_loops_corners, lemuel_round_altar,
          mainiacjoe_overflow_alcove_4, shapermc_ecumenical_altar_gd,
          minmay_misc_feat_roman, uniq_terence
D:4:      cheibrodos_old_hovel, layout_basic, kennysheep_mini,
          nicolae_gozag_cash_rules_everything_around_me, zin_statuary,
          uniq_eustachio, uniq_duvessa, uniq_blork_the_orc, uniq_sigmund
D:5:      layout_basic, minmay_temple_entry_antechambers, portal_sewer_entry_b,
          nicolae_elemental_shop
D:6:      layout_rooms, grunt_dithmenos_shadows, centaur_isle
D:7:      layout_rooms, yredelemnul_forgotten_temple_becter,
          mainiacjoe_overflow_boulevard, general_overflow_altar
D:8:      layout_layer_cave, lemuel_doored_altar, mainiacjoe_overflow_24_doors,
          serial_shops, shop
D:9:      layout_basic, overflow_temple_1_default, mainiacjoe_overflow_paths,
          grunt_lair_entry_orc_guard_hut, enter_bailey_5,
          hangedman_decor_points, minmay_quadrilaterals, uniq_maurice
D:10:     layout_basic, uniq_urug, uniq_nergalle
Lair:1:   layout_chaotic_city, serial_bayou_shore_b, lemuel_fruit_tree
Lair:2:   layout_hall_layers, palyth_hydra_swamp_entry, dummy_snake_entry,
          portal_ice_cave_rime
IceCv:    ice_cave_small_giant

Skill      XL: |  1  2  3  4  5  6  7  8  9 10 11 12 |
---------------+-------------------------------------+-----
Axes           | 3 4 5 6 7 8 10 12 14 15 | 15.3
Fighting       | 4 5 6 7 8 10 11 13 14 | 14.3
Shields        | 4 5 6 7 9 10 | 10.6
Armour         | 4 7 9 |  9.0

Action                     |  1- 3 |  4- 6 |  7- 9 | 10-12 || total
---------------------------+-------+-------+-------+-------++-------
  Melee: War axe           |   119 |   109 |   265 |   338 ||   831
 Invoke: Convert to Beogh  |       |     1 |       |       ||     1
         Recall Orcish Fol |       |       |       |     1 ||     1
    Use: Scroll            |     1 |     1 |     6 |     8 ||    16
   Stab: Distracted        |       |       |       |     2 ||     2
 Armour: Scale mail        |    67 |    31 |    91 |       ||   189
         Ring mail         |       |       |     5 |    76 ||    81
  Dodge: Dodged            |    55 |    23 |    91 |    72 ||   241
  Block: Buckler           |    13 |       |       |       ||    13
         Kite shield       |    36 |    91 |   257 |   273 ||   657
         Reflection        |       |     1 |    22 |     8 ||    31

Table legend: (Time is in decaauts)
 A = Elapsed time spent in this place.
 B = Non-inter-level travel time spent in this place.
 C = Inter-level travel time spent in this place.
 D = Time resting spent in this place.
 E = Time spent auto-exploring this place.
 F = Levels seen in this place.
 G = Mean time per level.
                   A        B        C        D        E       F      G
               +--------+--------+--------+--------+--------+-----+--------+
         Total |  10786 |  10519 |    267 |   2517 |   4592 |  15 |  719.1 |
       Dungeon |   8308 |   8041 |    267 |   1369 |   4510 |  10 |  830.8 |
          Lair |    923 |    923 |      0 |    241 |      0 |   2 |  461.5 |
         Sewer |    353 |    353 |      0 |     23 |     81 |   1 |  353.0 |
        Bailey |    566 |    566 |      0 |    383 |      0 |   1 |  566.0 |
      Ice Cave |    635 |    635 |      0 |    501 |      0 |   1 |  635.0 |
               +--------+--------+--------+--------+--------+-----+--------+

Top non-repeatable levels by time:
     D:9: 1451 daAuts
     D:4: 1261 daAuts
     D:3: 1112 daAuts
     D:8: 961 daAuts
     D:6: 845 daAuts
  Lair:1: 740 daAuts
     D:1: 701 daAuts
     D:5: 684 daAuts
   IceCv: 635 daAuts
     D:2: 619 daAuts
     D:7: 569 daAuts
  Bailey: 566 daAuts
   Sewer: 353 daAuts
  Lair:2: 182 daAuts
    D:10: 102 daAuts
